 Dungeon Crawl Stone Soup version 0.23-a0-642-g3120c2f5a9 (webtiles) character file.

3 HereIgoKillingAgain the Caller (level 1, 0/13 HPs)
             Began as a Mummy Summoner on Dec 31, 2018.
             Slain by a hobgoblin (1 damage)
             ... on level 1 of the Dungeon.
             The game lasted 00:00:30 (526 turns).

HereIgoKillingAgain the Caller (Mummy Summoner)      Turns: 526, Time: 00:00:30

Health: 0/13       AC:  2    Str: 11    XL:     1   Next: 41%
Magic:  2/4        EV: 12    Int: 14    God:
Gold:   21         SH:  0    Dex: 12    Spells: 4/5 levels left

rFire    x . .     SeeInvis .   (no weapon)
rCold    + . .     Gourm    .   (no shield)
rNeg     + + +     Faith    .   a - +0 robe
rPois    ∞         Spirit   .   (no helmet)
rElec    .         Reflect  .   (no cloak)
rCorr    .         Harm     .   (no gloves)
MR       .....                  (no boots)
Stlth    ++........             (no amulet)
HPRegen  0.04/turn              (no ring)
MPRegen  0.09/turn              (no ring)

@: no status effects
A: no food or potions, fire vulnerability, cold resistance 1, negative energy
resistance 3, torment resistance, unbreathing
a: no special abilities


You were on level 1 of the Dungeon.
You were not hungry.

You visited 1 branch of the dungeon, and saw 1 of its levels.

You collected 21 gold pieces.

Inventory:

Armour
 a - a +0 robe (worn)
Jewellery
 b - an uncursed ring of poison resistance {unknown}
Scrolls
 c - a scroll of teleportation {unknown}


   Skills:
 - Level 1.5 Dodging
 - Level 1.5 Stealth
 + Level 2.9 Spellcasting
 + Level 3.3 Summonings


You had 4 spell levels left.
You knew the following spells:

 Your Spells              Type           Power        Failure   Level  Hunger
a - Summon Small Mammal   Summ           ##..         5%          1    N/A

Your spell library contained the following spells:

 Spells                   Type           Power        Failure   Level  Hunger
 Call Imp                 Summ           ##......     9%          2    N/A
 Call Canine Familiar     Summ           ##......     16%         3    N/A
 Summon Guardian Golem    Hex/Summ       #.......     32%         3    N/A
 Summon Ice Beast         Ice/Summ       #.......     73%         4    N/A
 Summon Lightning Spire   Summ/Air       #.......     73%         4    N/A

Dungeon Overview and Level Annotations

Branches:
Dungeon (1/15)

Altars:


Innate Abilities, Weirdness & Mutations

You do not eat or drink.
Your flesh is vulnerable to fire.
You are immune to poison.
Your flesh is cold resistant. (rC+)
You are immune to negative energy. (rN+++)
You are immune to unholy pain and torment.
You can survive without breathing.


Message History

Found a stone staircase leading down.
No target in view!
A hobgoblin comes into view.
A hobgoblin is nearby!
A hobgoblin is nearby!
The hobgoblin shouts!
Casting: Summon Small Mammal (safe; 5% risk of failure)
Confirm with . or Enter, or press ? or * to list all spells.
The hobgoblin misses you.
Casting: Summon Small Mammal (safe; 5% risk of failure)
Confirm with . or Enter, or press ? or * to list all spells.
The hobgoblin hits you. The hobgoblin hits you.
Unknown command.
You completely miss the hobgoblin. The hobgoblin hits you.
Your bat closely misses the hobgoblin.
The hobgoblin hits you.
* * * LOW HITPOINT WARNING * * *
Your bat barely misses the hobgoblin.
Your bat closely misses the hobgoblin.
The hobgoblin hits you.
You die...

### # #.#.# #
########.#.### .
#........r...# #.
#.######.#.#.#
####.####.# #.bg.#
........#.#####.@#.#
........#........###
%..............>#.
......#..)#.......#
#...[.....#.#......
#...#..............?
......#...#.#.###+##
...(..#...#.#.# #.#
.#....#...#.# ###.##


You could see a hobgoblin, a friendly bat and a friendly rat.

Vanquished Creatures (collateral kills)
  3 kobolds (D:1)
  A bat (D:1)
  A rat (D:1)
5 creatures vanquished.

Notes
Turn   | Place    | Note
-------+----------+-------------------------------------------
     0 | D:1      | HereIgoKillingAgain the Mummy Summoner began the quest for
                  | the Orb.
     0 | D:1      | Reached XP level 1. HP: 13/13 MP: 4/4
   526 | D:1      | Slain by a hobgoblin

Vault maps used:
D:1:      evilmike_arrival_plus

Action                   || total
-------------------------++-------
Melee: Unarmed           ||     7
 Cast: Summon Small Mamm ||    13
 Stab: Distracted        ||     1
Armor: Robe              ||     2
Dodge: Dodged            ||    12

Table legend:
 A = Non-vault XP
 B = Vault XP
 C = Vault XP percentage of total XP
 D = Non-vault monster count
 E = Vault monster count
 F = Vault count percentage of total count
                 A         B        C        D         E       F
            +---------+---------+-------+---------+---------+-------
      Total |       5 |       0 |   0.0 |       5 |       0 |   0.0
            +---------+---------+-------+---------+---------+-------
        D:1 |       5 |       0 |   0.0 |       5 |       0 |   0.0
            +---------+---------+-------+---------+---------+-------
